 Seeded DCSS version 0.30-a0-364-gf6b3ef1049 (webtiles) character file.

Game seed: 13852480795907283700 (custom seed)

63 purpskrrrp the Shooter (level 4, 0/39 HPs)
             Began as a Kobold Wanderer on Nov 15, 2022.
             Slain by a rat (1 damage)
             ... on level 3 of the Dungeon.
             The game lasted 00:02:55 (2243 turns).

purpskrrrp the Shooter (Kobold Wanderer)            Turns: 2243, Time: 00:02:56

Health: 0/39       AC: 22    Str: 10    XL:     4   Next: 31%
Magic:  5/5        EV:  3    Int: 11    God:
Gold:   232        SH:  5    Dex: 17    Spells: 5/5 levels left

rFire   . . .      SeeInvis .    a - +3 mace
rCold   . . .      Faith    .    g - +1 buckler {reflect}
rNeg    . . .      Spirit   .    (body armour currently unavailable)
rPois   +          Reflect  +    (helmet currently unavailable)
rElec   .          Harm     .    (cloak currently unavailable)
rCorr   .          Rampage  .    (gloves currently unavailable)
Will    .....      NoTele   +    (boots currently unavailable)
Stlth   +++.......               (no amulet)
HPRegen 0.26/turn                (no ring)
MPRegen 0.09/turn                (no ring)

@: tree-form
A: stationary, stasis, torment immunity, boosted hp, small, no large weapons,
nightstalker 3
a: no special abilities


You were on level 3 of the Dungeon.
You were a tree.
You visited 1 branch of the dungeon, and saw 3 of its levels.

You collected 232 gold pieces.

Inventory:

Hand Weapons
 a - a +3 mace (weapon)
Armour
 b - a +0 helmet (melded)
 d - a +0 robe (melded)
 g - a +1 buckler of reflection (worn)
Wands
 k - a wand of flame (13)
 n - a wand of acid (9)
Scrolls
 e - 3 scrolls of teleportation {unknown}
 f - a scroll of butterflies {unknown}
 h - 2 scrolls of identify {unknown}
 j - a scroll of enchant weapon {unknown}
 p - a scroll of acquirement {unknown}
 q - a scroll of amnesia {unknown}
 s - a scroll of noise {unknown}
Potions
 c - 2 potions of attraction
 i - a potion of flight {unknown}
 l - a potion of curing {unknown}
 m - a potion of brilliance {unknown}
 o - a potion of invisibility {unknown}
 r - a potion of magic


   Skills:
 - Level 2.3 Fighting
 - Level 3.6 Maces & Flails
 + Level 4.3 Ranged Weapons
 - Level 1.0 Armour
 - Level 2.8 Stealth
 - Level 1.2 Spellcasting


You had 5 spell levels left.
You didn't know any spells.
Your spell library contained the following spells:

 Spells                   Type           Power      Damage    Failure   Level
 Sandblast                Erth           0%         2d4       45%         1
 Cigotuvi's Dreadful Rot  Necr/Pois/Air  0%         N/A       58%         2
 Passwall                 Tmut/Erth      0%         N/A       58%         2
 Stone Arrow              Conj/Erth      0%         3d7       83%         3
 Cause Fear               Hex            0%         N/A       99%         4
 Dispel Undead            Necr           0%         3d6       99%         4
 Death Channel            Necr           0%         N/A       100%        6
 Dragon Form              Tmut           0%         N/A       100%        7
 Dragon's Call            Summ           0%         N/A       100%        9


Dungeon Overview and Level Annotations

Branches:
Dungeon (3/15)

Altars:

Shops:
D:1 !


Innate Abilities, Weirdness & Mutations

You are a tree.
Your roots penetrate the ground, keeping you stationary.
You cannot be teleported.
You are immune to unholy pain and torment.
Your maximum health is greatly increased.
Your equipment is partially melded.
You are small and have problems with some larger weapons.
You are completely attuned to the shadows.


Message History

You are too injured to fight recklessly!
You are too injured to fight recklessly!
You are too injured to fight recklessly!
You are too injured to fight recklessly!
You are too injured to fight recklessly!
You are too injured to fight recklessly!
You are too injured to fight recklessly!
You are too injured to fight recklessly!
You are too injured to fight recklessly!
You are too injured to fight recklessly!
You are too injured to fight recklessly!
You are too injured to fight recklessly!
You are too injured to fight recklessly!
You are too injured to fight recklessly!
You are too injured to fight recklessly!
You are too injured to fight recklessly!
Okay, then.
Okay, then.
The orc hits you with a +0 flail.
* * * LOW HITPOINT WARNING * * *
You block the orc's attack.
It was a potion of magic.
Magic courses through your body. The orc closely misses you. The rat bites you.
* * * LOW HITPOINT WARNING * * *
The orc hits you with a +0 whip.
* * * LOW HITPOINT WARNING * * *
It was a potion of lignification.
You turn into a tree.
Your +0 helmet melds into your body.
Your +0 robe melds into your body.
Your roots penetrate the ground.
The orc barely misses you. The rat barely misses you.
The orc hits you but does no damage.
You thump the orc!
You kill the orc!
The bat barely misses you. You block the orc's attack. The rat bites you.
* * * LOW HITPOINT WARNING * * *
The bat hits you but does no damage.
The orc wizard gestures wildly while chanting.
The orc wizard flickers and vanishes!
Deactivating autopickup; reactivate with Ctrl-A.
The orc hits you but does no damage. The rat bites you.
You die...

#.# ####.##..
#.#### .....##..
##..... ###......
#...... ....##...
#.#....########...
#.######.........#
#.# #.#######.#
##.# #.# #.#
###b♣# #.# #.#
...or# #.# ###.#
....{# #.# #...#
.....# ####.###
#.### ......
.......###.#
.....#
####.#...#.###
#.###...... #.#
#..#### #.# #.## #


You could see an orc, a bat and a rat.

Vanquished Creatures
  2 worms (D:2)
  A dart slug (D:2)
  An orc (D:3)
  5 endoplasms
  3 giant cockroaches
  7 hobgoblins
  2 jackals (D:2)
  4 kobolds
  3 quokkas
  3 ball pythons (D:2)
  5 bats
  2 frilled lizards (D:3)
  7 goblins
  5 rats
50 creatures vanquished.

Notes
Turn   | Place    | Note
-------+----------+-------------------------------------------
     0 | D:1      | purpskrrrp the Kobold Wanderer began the quest for the Orb.
     0 | D:1      | purpskrrrp set off with the following items: a +3 mace, a
                  | +0 helmet, a potion of attraction, a +0 robe.
     0 | D:1      | Reached XP level 1. HP: 12/12 MP: 2/2
   191 | D:1      | Reached XP level 2. HP: 17/17 MP: 3/3
   198 | D:1      | Reached skill level 1 in Ranged Weapons
   738 | D:1      | Reached skill level 2 in Ranged Weapons
   963 | D:1      | Found Nuqov's Distillery.
  1106 | D:2      | Reached XP level 3. HP: 21/21 MP: 4/4
  1119 | D:2      | Reached skill level 3 in Ranged Weapons
  1519 | D:2      | Reached XP level 4. HP: 26/26 MP: 5/5
  1574 | D:2      | Reached skill level 4 in Ranged Weapons
  2243 | D:3      | HP: 1/39 [rat (2)]
  2243 | D:3      | Slain by a rat

Illustrated notes

Levels and vault maps discovered:
D:1:      sevenhm_arrival_forest_fort_large_2, layout_basic, serial_shops,
          shop_statue, minmay_misc_feat_rugged, kennysheep_nondescript,
          st_stairs_12
D:2:      layout_loops_ring
D:3:      layout_rooms

Skill      XL: |  1  2  3  4 |
---------------+-------------+-----
Ranged Weapons | 2 3 4 |  4.3
Fighting       | |  2.3
Maces & Flails | |  3.6
Armour         | |  1.0
Stealth        | |  2.8
Spellcasting   | |  1.2

Action                   |  1- 3 |  4- 6 || total
-------------------------+-------+-------++-------
Melee: Mace              |    70 |    28 ||    98
  Use: Potion            |       |     2 ||     2
 Stab: Sleeping          |    13 |     4 ||    17
Armor: Robe              |     5 |     4 ||     9
       Skin              |       |     3 ||     3
Dodge: Dodged            |    33 |    22 ||    55
Block: Buckler           |    12 |     7 ||    19

Table legend: (Time is in decaauts)
 A = Elapsed time spent in this place.
 B = Non-inter-level travel time spent in this place.
 C = Inter-level travel time spent in this place.
 D = Time resting spent in this place.
 E = Time spent auto-exploring this place.
 F = Levels seen in this place.
 G = Mean time per level.
                   A        B        C        D        E       F      G
               +--------+--------+--------+--------+--------+-----+--------+
         Total |   2268 |   2217 |     51 |     83 |   1810 |   3 |  756.0 |
       Dungeon |   2268 |   2217 |     51 |     83 |   1810 |   3 |  756.0 |
               +--------+--------+--------+--------+--------+-----+--------+

Top non-repeatable levels by time:
     D:1: 1076 daAuts
     D:2: 780 daAuts
     D:3: 411 daAuts
